 Dungeon Crawl Stone Soup version 0.22-a0-109-gbeb7240 (webtiles) character file.

12210 Gildeon the Cleaver (level 11, -1/101 HPs)
             Began as a Minotaur Fighter on Jan 24, 2018.
             Was a Priest of Sif Muna.
             Succumbed to Sonja's poison
             ... on level 12 of the Dungeon on Jan 26, 2018.
             The game lasted 00:48:30 (12991 turns).

Gildeon the Cleaver (Minotaur Fighter)             Turns: 12991, Time: 00:48:31

Health: -1/101     AC: 19    Str: 21    XL:     11   Next: 59%
Magic:  19/19      EV: 12    Int:  7    God:    Sif Muna [***...]
Gold:   620        SH:  0    Dex: 11    Spells: 1/10 levels left

rFire    . . .     SeeInvis .   a - +0 battleaxe
rCold    . . .     Gourm    .   (shield currently unavailable)
rNeg     . . .     Faith    +   s - +4 chain mail
rPois    .         Spirit   .   (helmet restricted)
rElec    .         Reflect  .   (no cloak)
rCorr    .         Harm     .   r - +0 pair of gloves
MR       .....                  k - +0 pair of boots
Stlth    ..........             q - amulet of faith
HPRegen  0.26/turn              l - ring of magical power
MPRegen  0.16/turn              y - ring of stealth

@: lethally poisoned (-1 -> -90)
A: retaliatory headbutt, horns 2
a: Divine Energy, Channel Magic, Renounce Religion


You were on level 12 of the Dungeon.
You worshipped Sif Muna.
Sif Muna was most pleased with you.
You were not hungry.

You visited 1 branch of the dungeon, and saw 12 of its levels.
You also visited: Ossuary.

You collected 620 gold pieces.

Inventory:

Hand Weapons
 a - a +0 battleaxe (weapon)
 b - a +2 mace of protection
Armour
 k - a +0 pair of boots (worn)
 r - a +0 pair of gloves (worn)
 s - a +4 chain mail (worn)
 v - a +0 plate armour
Jewellery
 l - a ring of magical power (left hand)
 q - an amulet of faith (around neck)
 y - a ring of stealth (right hand)
Wands
 d - a wand of random effects (57)
 g - a wand of clouds (5)
 j - a wand of disintegration (13)
 o - a wand of acid (5)
Scrolls
 c - 4 scrolls of fear
 e - 7 scrolls of teleportation
 m - a scroll of blinking
 t - 3 scrolls of remove curse
 u - a scroll of fog
Potions
 h - a potion of flight
 i - a potion of magic
 n - 2 potions of invisibility
Comestibles
 f - 9 rations


   Skills:
 - Level 10.9 Fighting
 - Level 12.4 Axes
 - Level 11.1 Armour
 + Level 10.1 Dodging
   Level 3.6 Shields


You had one spell level left.
You knew the following spells:

 Your Spells              Type           Power        Failure   Level  Hunger
a - Petrify               Tmut/Erth      #.......     100%        4    #####..
b - Metabolic Englaciati  Hex/Ice        #.........   100%        5    ######.


Dungeon Overview and Level Annotations

Branches:
Dungeon (13/15)            Temple (0/1) D:5            Lair (0/6) D:9
    Orc (0/2) D:10
 Vaults: D:13-14

Altars:
Dithmenos
Elyvilon
Hepliaklqana
Nemelex Xobeh
Ru
Sif Muna
Vehumet
Zin
Beogh

Annotations:
D:12 Sonja


Innate Abilities, Weirdness & Mutations

You reflexively headbutt those who attack you in melee.
You have a pair of horns on your head.


Message History

Something hits you but does no damage.
You are more poisoned.
Something hits you.
* * * LOW HITPOINT WARNING * * *
Something completely misses you.
Items here: ( ))) [[[ ††
Okay, then.
Your surroundings suddenly seem different.
* * * LOW HITPOINT WARNING * * *
You feel extremely sick.
A killer bee comes into view.
The killer bee buzzes angrily.
A killer bee comes into view.
The killer bee buzzes angrily.
A yak comes into view.
The yak bellows!
A yak comes into view.
The yak bellows!
You hear a bellow! 2 killer bees come into view.
You die...

....... ..
..... .(. ...
..# ..##....##
## #.# . .
.... #.#
....... #.#
#.# ##.## #
##..Y#..#
#.@.y...#
#......y......
#.##..Yy..####
.. .......y...
. ########.###
.# #


You could see 2 yaks and 4 killer bees.

Vanquished Creatures
  Erolcha (D:9)
  2 two-headed ogres (D:10)
  Nergalle (D:10)
  An unseen horror (D:10)
  An orc knight (D:10)
  An ugly thing (D:12)
  Grinder (D:3)
  A hippogriff (D:7)
  Sigmund (D:5)
  A wyvern (D:9)
  9 yaks
  A steam dragon (D:8)
  Menkaure (Ossuary)
  3 wargs (D:9)
  2 soldier ants
  3 water moccasins (D:7)
  6 orc warriors
  2 sky beasts
  A phantom (D:5)
  6 ogres
  5 centaurs
  A necrophage (D:9)
  A big kobold (D:10)
  An elf zombie (Ossuary)
  5 bullfrogs
  A scorpion (D:7)
  6 killer bees (D:8)
  3 wights
  A howler monkey (D:4)
  4 crimson imps
  5 centaur zombies
  2 quasits
  3 bullfrog skeletons
  A hound (D:9)
  3 jellies
  18 orc priests
  17 orc wizards
  2 centaur skeletons
  5 worker ants
  2 iguanas
  2 big kobold zombies (Ossuary)
  2 ogre zombies (Ossuary)
  2 hound skeletons
  6 mummies (Ossuary)
  Robin (D:3)
  6 gnolls
  A howler monkey skeleton (D:10)
  17 adders
  2 shadow imps (D:7)
  3 oozes
  8 adder zombies
  2 worms (D:3)
  4 dart slugs
  5 leopard geckos
  68 orcs
  11 bats
  4 giant cockroaches
  23 goblins
  11 hobgoblins
  15 jackals
  13 kobolds
  6 quokkas
  3 ball pythons
  3 frilled lizards
  3 goblin zombies (Ossuary)
  A jackal skeleton (D:5)
  6 kobold zombies (Ossuary)
  A leopard gecko skeleton (D:5)
  A leopard gecko zombie (D:6)
  An orc zombie (Ossuary)
  2 quokka skeletons
  3 quokka zombies (Ossuary)
  8 rats
  2 rat zombies (Ossuary)
377 creatures vanquished.

Vanquished Creatures (others)
  A plant (D:9)
1 creature vanquished.

Grand Total: 378 creatures vanquished

Notes
Turn   | Place    | Note
-------+----------+-------------------------------------------
     0 | D:1      | Gildeon the Minotaur Fighter began the quest for the Orb.
     0 | D:1      | Reached XP level 1. HP: 19/19 MP: 0/0
    99 | D:1      | Reached skill level 3 in Axes
   236 | D:1      | Reached XP level 2. HP: 26/26 MP: 1/1
   707 | D:1      | Reached skill level 4 in Axes
   720 | D:1      | Reached XP level 3. HP: 31/31 MP: 2/2
  1060 | D:2      | Reached skill level 5 in Axes
  1236 | D:2      | Reached XP level 4. HP: 38/39 MP: 3/3
  1431 | D:2      | Found a radiant altar of Vehumet.
  1588 | D:2      | Found a hazy altar of Hepliaklqana.
  1877 | D:3      | Reached skill level 6 in Axes
  1970 | D:3      | Noticed Robin
  1982 | D:3      | Killed Robin
  1986 | D:3      | Reached XP level 5. HP: 35/45 MP: 4/4
  2475 | D:3      | Found a deep blue altar of Sif Muna.
  2477 | D:3      | Noticed Grinder
  2489 | D:3      | Found a white marble altar of Elyvilon.
  2494 | D:3      | Killed Grinder
  2494 | D:3      | Reached skill level 8 in Axes
  2494 | D:3      | Reached XP level 6. HP: 15/51 MP: 5/5
  2499 | D:3      | Became a worshipper of Sif Muna the Loreminder
  2707 | D:3      | Found a sparkling altar of Nemelex Xobeh.
  3393 | D:4      | Paralysed by an orc wizard for 2 turns
  3396 | D:4      | Reached skill level 9 in Axes
  3495 | D:4      | Reached XP level 7. HP: 56/57 MP: 6/6
  4104 | D:4      | Found a glowing silver altar of Zin.
  4334 | D:5      | Entered Level 5 of the Dungeon
  4370 | D:5      | Noticed Sigmund
  4376 | D:5      | Killed Sigmund
  4376 | D:5      | Reached skill level 10 in Axes
  4398 | D:5      | Found a staircase to the Ecumenical Temple.
  4446 | D:5      | Reached skill level 5 in Fighting
  4462 | D:5      | Reached XP level 8. HP: 23/69 MP: 7/7
  5394 | D:5      | Got a slimy leather armour
  5405 | D:5      | Identified the +3 leather armour "Paydoq" {rF+ Regen+ Str-2} (You found it on level 5 of the Dungeon)
  5662 | D:6      | HP: 2/77 [orc priest/divine providence (17)]
  5769 | D:6      | Reached * piety under Sif Muna
  5793 | D:6      | Learned a level 4 spell: Petrify
  5833 | D:6      | Reached skill level 10 in Fighting
  5943 | D:6      | Reached XP level 9. HP: 65/85 MP: 8/8
  6011 | D:6      | Found a sand-covered staircase.
  6022 | Ossuary  | Entered an ossuary
  6150 | Ossuary  | Noticed Menkaure
  6159 | Ossuary  | Killed Menkaure
  6159 | Ossuary  | Reached skill level 11 in Axes
  6835 | D:7      | Upgraded the game from 0.22-a0-93-g6b88ebb to 0.22-a0-109-gbeb7240
  6898 | D:7      | Reached skill level 12 in Axes
  7006 | D:7      | Found a sacrificial altar of Ru.
  7015 | D:7      | Reached skill level 5 in Armour
  7792 | D:7      | Reached XP level 10. HP: 87/93 MP: 9/9
  7795 | D:7      | Reached ** piety under Sif Muna
  7850 | D:7      | Learned a level 5 spell: Metabolic Englaciation
  8406 | D:8      | Found a shadowy altar of Dithmenos.
  9643 | D:8      | Reached skill level 10 in Armour
 10095 | D:9      | Reached skill level 1 in Dodging
 10306 | D:9      | Noticed Erolcha
 10314 | D:9      | Killed Erolcha
 10314 | D:9      | Reached skill level 5 in Dodging
 10754 | D:9      | Found a staircase to the Lair.
 10965 | D:9      | Reached XP level 11. HP: 95/99 MP: 10/10
 11130 | D:10     | Entered Level 10 of the Dungeon
 11133 | D:10     | Noticed a two-headed ogre
 11140 | D:10     | Killed a two-headed ogre
 11205 | D:10     | Noticed Nergalle
 11222 | D:10     | Killed Nergalle
 11545 | D:10     | Noticed an orc knight
 11569 | D:10     | Killed an orc knight
 11623 | D:10     | Found a roughly hewn altar of Beogh.
 11623 | D:10     | Found a staircase to the Orcish Mines.
 11897 | D:10     | Noticed a two-headed ogre
 11909 | D:10     | Killed a two-headed ogre
 12369 | D:10     | Reached *** piety under Sif Muna
 12576 | D:10     | Killed an unseen horror
 12786 | D:10     | You fall through a shaft for 3 floors!
 12786 | D:13     | Noticed a green ugly thing
 12942 | D:12     | Noticed Sonja
 12954 | D:12     | Noticed a purple ugly thing
 12975 | D:12     | Killed a purple ugly thing
 12975 | D:12     | Reached skill level 10 in Dodging
 12986 | D:12     | Noticed a seven-headed hydra
 12990 | D:12     | HP: 5/101 [poisoned by Sonja]
 12991 | D:12     | Succumbed to Sonja's poison

Vault maps used:
D:1:      dpeg_arrival_long_road, hangedman_decor_push
D:2:      marbit_many_paths, vehumet_crystals, first_ration
D:3:      minitemple, corexii_leaking_fountain, uniq_grinder, uniq_robin
D:4:      wad_pebble_path, zin_statuary
D:5:      temple_pool_b, uniq_sigmund
D:6:      lightli_ossuary_entry_decrepit_ruins
D:7:      nicolae_ru_awakened_eye
D:8:      basic_altar, grunt_ogre_cave
D:9:      erik_lair_orcish_takeover, uniq_erolcha
D:10:     david_orc_5, uniq_nergalle
D:12:     minmay_misc_feat_room, uniq_sonja
D:13:     hangedman_vaults_entry_quadrant_bands
Ossuary:  ossuary_boxes_badplayer

Skill      XL: |  1  2  3  4  5  6  7  8  9 10 11 |
---------------+----------------------------------+-----
Axes           | 3 4 5 6 8 9 10 12 | 12.4
Fighting       | 5 10 | 10.9
Armour         | 7 10 11 | 11.1
Dodging        | 7 10 | 10.1
Shields        | |  3.6

Action                   |  1- 3 |  4- 6 |  7- 9 | 10-12 || total
-------------------------+-------+-------+-------+-------++-------
Melee: War axe           |    89 |   171 |   402 |   101 ||   763
       Headbutt          |     9 |    37 |    73 |    75 ||   194
       Battleaxe         |       |       |       |   260 ||   260
Evoke: Wand              |       |       |    15 |    37 ||    52
  Use: Scroll            |       |     8 |    11 |     9 ||    28
       Potion            |       |       |     5 |    11 ||    16
 Stab: Paralysed         |       |       |    20 |     6 ||    26
  Eat: Chunk             |     1 |     5 |     6 |     6 ||    18
       Ration            |       |     1 |     2 |     4 ||     7
Armor: Scale mail        |    35 |    73 |    62 |       ||   170
       Chain mail        |       |       |   140 |   261 ||   401
Dodge: Dodged            |    32 |    38 |    76 |   171 ||   317
Block: Shield            |    53 |    79 |   174 |    68 ||   374

Table legend:
 A = Spawn XP
 B = Non-spawn XP
 C = Spawn XP percentage of total XP
 D = Spawn monster count
 E = Non-spawn monster count
 F = Spawn count percentage of total count
 G = Total turns spent on level
                    A         B        C        D         E        F      G
               +---------+---------+-------+---------+---------+-------+---------
         Total |       0 |   17444 |   0.0 |       0 |     377 |   0.0 | 12991
               +---------+---------+-------+---------+---------+-------+---------
           D:1 |       0 |      46 |   0.0 |       0 |      23 |   0.0 |   905
           D:2 |       0 |      89 |   0.0 |       0 |      25 |   0.0 |   923
           D:3 |       0 |     453 |   0.0 |       0 |      46 |   0.0 |  1347
           D:4 |       0 |     323 |   0.0 |       0 |      24 |   0.0 |  1159
           D:5 |       0 |    1089 |   0.0 |       0 |      27 |   0.0 |  1229
           D:6 |       0 |     901 |   0.0 |       0 |      28 |   0.0 |   660
           D:7 |       0 |    2082 |   0.0 |       0 |      34 |   0.0 |  1305
           D:8 |       0 |    1469 |   0.0 |       0 |      35 |   0.0 |  1687
           D:9 |       0 |    4425 |   0.0 |       0 |      49 |   0.0 |  1310
          D:10 |       0 |    5144 |   0.0 |       0 |      42 |   0.0 |  1656
          D:12 |       0 |     596 |   0.0 |       0 |       6 |   0.0 |    63
          D:13 |       0 |     157 |   0.0 |       0 |       1 |   0.0 |   142
       Ossuary |       0 |     670 |   0.0 |       0 |      37 |   0.0 |   605
               +---------+---------+-------+---------+---------+-------+---------
